 Dungeon Crawl Stone Soup version 0.29.1-13-g9f3cf754e1 (webtiles) character file.

Game seed: 13735552409754800397

14938 nshep25 the Thaumaturge (level 11, -5/59 HPs)
             Began as a Deep Elf Conjurer on Feb 3, 2023.
             Was a Follower of Ashenzari.
             Hit by a large rock thrown by a cyclops (29 damage)
             ... on level 10 of the Dungeon.
             The game lasted 00:57:44 (12216 turns).

nshep25 the Thaumaturge (Deep Elf Conjurer)        Turns: 12216, Time: 00:57:45

Health: -5/59      AC:  9    Str:  6    XL:     11   Next: 95%
Magic:  30/32      EV: 13    Int: 32    God:    Ashenzari [*.....]
Gold:   620        SH:  0    Dex: 13    Spells: 12/40 levels left

rFire   + . .      SeeInvis +   r - staff of fire
rCold   . . .      Faith    .   (no shield)
rNeg    . . .      Spirit   .   q - +3 troll leather armour
rPois   .          Reflect  .   (no helmet)
rElec   .          Harm     .   G - +0 cloak "Loss of the Astral Sage" {Bglg, Comp} (curse)
rCorr   .          Rampage  .   m - +0 pair of gloves of the Astral Foul Odours {Self, Cun} (curse)
Will    +....                   (no boots)
Stlth   +++.......              x - amulet of the acrobat
HPRegen 0.99/turn               v - ring of see invisible
MPRegen 0.23/turn               z - +6 ring of intelligence

@: slowed, very slow
A: no striking features
a: Renounce Religion, Curse Item, Shatter the Chains


You were on level 10 of the Dungeon.
You worshipped Ashenzari.
Ashenzari was aware of your devotion.
You visited 2 branches of the dungeon, and saw 11 of its levels.

You collected 620 gold pieces.

Inventory:

Hand Weapons
 F - a +4 quarterstaff of chaos
Armour
 m - the cursed +0 pair of gloves of the Astral Foul Odours (worn) {Self, Cun}
   (You found it on level 2 of the Dungeon)

   It has a curse which improves the following skills: Introspection: Fighting
   and Spellcasting.
   Cunning:   Dodging and Stealth.
 q - a +3 troll leather armour (worn)
 G - the cursed +0 cloak "Loss of the Astral Sage" (worn) {Bglg, Comp}
   (You took it off Crazy Yiuf on level 6 of the Dungeon)

   It has a curse which improves the following skills: Beguiling: Conjurations,
   Hexes and Translocations.
   Companions: Summonings and Necromancy.
 M - a +2 robe of willpower
Magical Staves
 r - a staff of fire (weapon)
Jewellery
 p - an amulet of guardian spirit
 t - a ring of ice
 v - a ring of see invisible (left hand)
 x - an amulet of the acrobat (around neck)
 y - a ring of protection from fire
 z - a +6 ring of intelligence (right hand)
 A - an amulet of reflection
 H - a ring of protection from cold
 I - a ring of willpower
 N - a +6 ring of strength
Wands
 u - a wand of polymorph (13)
 D - a wand of flame (17)
 K - a wand of mindburst (15)
 O - a wand of charming (5)
Scrolls
 a - a scroll of silence
 d - 9 scrolls of identify
 e - 4 scrolls of fog
 g - 4 scrolls of magic mapping
 i - a scroll of amnesia
 k - 4 scrolls of poison
 n - 5 scrolls of vulnerability
 o - 11 scrolls of teleportation
 s - 3 scrolls of immolation
 w - a scroll of brand weapon
Potions
 b - a potion of magic
 c - 2 potions of attraction
 f - 7 potions of curing
 h - a potion of heal wounds
 j - 2 potions of resistance
 l - 4 potions of might
 B - a potion of cancellation
 C - a potion of degeneration
 E - a potion of ambrosia
 J - a potion of brilliance
 L - a potion of invisibility


   Skills:
 + Level 2.0(2.7) Fighting
 + Level 4.1 Staves
 + Level 0.1 Armour
 + Level 5.0(5.8) Dodging
 + Level 5.0(5.9) Stealth
 * Level 14.7(15.4) Spellcasting
 + Level 10.0(10.8) Conjurations
 + Level 2.1(2.7) Hexes
 + Level 3.1(3.9) Translocations
 + Level 3.7 Transmutations
 * Level 6.6 Fire Magic
 + Level 3.4 Air Magic
 + Level 6.0 Poison Magic
 * Level 7.9 Evocations


You had 12 spell levels left.
You knew the following spells:

 Your Spells              Type           Power      Damage    Failure   Level
a - Magic Dart            Conj           100%       1d8       1%          1
b - Searing Ray           Conj           100%       2d8       1%          2
c - Iskenderun's Mystic   Conj/Tloc      64%        2d13      1%          4
d - Fulminant Prism       Conj/Hex       31%        3d16      1%          4
e - Poisonous Vapours     Pois/Air       100%       N/A       1%          2
f - Ignite Poison         Fire/Tmut/Pois 74%        N/A       1%          3
g - Sticky Flame          Conj/Fire      88%        2d10      1%          4
h - Olgreb's Toxic Radia  Pois           59%        N/A       2%          4
i - Corpse Rot            Necr/Pois/Air  45%        N/A       7%          4

Your spell library contained the following spells:

 Spells                   Type           Power      Damage    Failure   Level
 Sting                    Tmut/Pois      100%       1d8       1%          1
 Conjure Flame            Conj/Fire      88%        6-21      1%          3
 Dazzling Flash           Conj/Hex       100%       N/A       1%          3
 Summon Small Mammal      Summ           100%       N/A       2%          1
 Summon Guardian Golem    Hex/Summ       34%        N/A       4%          3
 Call Canine Familiar     Summ           25%        N/A       8%          3
 Summon Lightning Spire   Summ/Air       36%        N/A       13%         4
 Storm Form               Tmut/Air       23%        N/A       99%         7
 Maxwell's Capacitive Co  Air            23%        ∞         100%        8


Dungeon Overview and Level Annotations

Branches:
Dungeon (10/15)            Temple (1/1) D:5            Lair (0/5) D:10
    Orc: D:9-12

Altars:
Ashenzari
Cheibriados
Dithmenos
Elyvilon
Fedhas
Gozag
Hepliaklqana
Kikubaaqudgha
Makhleb
Nemelex Xobeh
Okawaru
Qazlal
Ru
Sif Muna
Trog
Uskayaw
Vehumet
Wu Jian
Xom
Yredelemnul
Zin
The Shining One

Shops:
D:3 =   D:5 (   D:8 !   D:10 (

Annotations:
D:8 1 runed translucent door, 0gre's ghost, novice DsBe


Message History

You have difficulty breathing.
You feel as though you will be slow longer.
The kobold brigand throws a curare-tipped dart.
The curare-tipped dart hits you.
You are more poisoned.
You have difficulty breathing.
You feel as though you will be slow longer.
Casting: Magic Dart (safe; 1% risk of failure)
Confirm with . or Enter, or press ? or * to list all spells.
Aiming: Poisonous Vapours (safe; 1% risk of failure)
Press: ? - help, Dir - move target, f/p - kobold brigand
Aim: a kobold brigand, wielding a +0 short sword and quivering curare-tipped darts (moderately wounded) Poisonous vapours surround the kobold brigand!
The kobold brigand looks as sick as possible!
You feel extremely sick.
You feel extremely sick.
You feel very sick.
Casting: Poisonous Vapours (safe; 1% risk of failure)
Confirm with . or Enter, or press ? or * to list all spells.
You feel a surge of power!
You ignite the poison in your surroundings!
The kobold brigand seems to burn from within!!!
You kill the kobold brigand!
You feel very sick.
You start resting.
You feel very sick.
You feel sick. x4
You are no longer poisoned.
You start resting.
Magic restored.
A cyclops comes into view.
Casting: Ignite Poison (safe; 1% risk of failure)
Confirm with . or Enter, or press ? or * to list all spells.
Aiming: Poisonous Vapours (safe; 1% risk of failure)
Press: ? - help, Dir - move target, f - cyclops
Aim: a cyclops, quivering large rocks (wandering, hasn't noticed you) Poisonous vapours surround the cyclops!
The cyclops is poisoned.
The cyclops shouts!
The cyclops throws a large rock.
The large rock hits you!!
You die...

...............[........#
#
.#####'#####............#
#
##.........#####........##
# #.#.....#.# ###.......#
# #.....#.# ##......#####
# #.....#.#####
##[........####
##...##.....##
#.............
#...#..###..##
##....<....... ##.##..#
##.@# #............
###..## ##.# #............
...# #.# #......>.....
#'## ###.#####..######...
... ..).....#..# #... ##
## ........#..# #... . #
........#..# #.[. ##.#
..C......#..######... .'.#
'.........'...........


You could see a cyclops (very poisoned).

Vanquished Creatures
  A hydra (D:10)
  A centaur warrior (D:10)
  3 two-headed ogres
  2 deep elf pyromancers (D:10)
  An ugly thing (D:10)
  A moth of wrath (shapeshifter) (D:10)
  Psyche (D:9)
  An efreet (D:10)
  A komodo dragon (D:10)
  A hornet (D:9)
  Grinder (D:4)
  A troll (D:10)
  2 wyverns
  3 wraiths
  Eustachio (D:6)
  A steam dragon (D:10)
  5 yaks (D:10)
  The ghost of xian the Magician, an amateur DjAE (D:4)
  An acid dragon (D:10)
  A water moccasin (D:7)
  An ice beast (D:6)
  A black bear (D:6)
  4 orc warriors
  2 sky beasts (D:6)
  An ogre (D:6)
  7 centaurs
  The ghost of nshep25 the Shooter, an amateur TeHu (D:4)
  2 phantoms
  2 kobold brigands
  2 bullfrogs
  A gnoll sergeant (D:10)
  A necrophage (D:4)
  2 scorpions (D:6)
  18 wights
  10 killer bees
  6 howler monkeys
  9 orc priests
  Crazy Yiuf (D:6)
  5 jellies
  4 iguanas
  6 orc wizards
  3 gnolls (D:10)
  12 adders
  A white imp (D:7)
  A dart slug (D:3)
  38 orcs
  5 ball pythons
  6 bats
  7 endoplasms
  2 giant cockroaches
  4 hobgoblins
  7 kobolds
  2 quokkas
  3 frilled lizards
  5 goblins
  6 rats
218 creatures vanquished.

Vanquished Creatures (others)
  28 fulminant prisms
  6 plants (D:4)
  6 withered plants (D:4)
40 creatures vanquished.

Grand Total: 258 creatures vanquished

Notes
Turn   | Place    | Note
-------+----------+-------------------------------------------
     0 | D:1      | nshep25 the Deep Elf Conjurer began the quest for the Orb.
     0 | D:1      | Reached XP level 1. HP: 10/10 MP: 6/6
   178 | D:1      | Found a faded altar of an unknown god.
   200 | D:1      | Reached XP level 2. HP: 15/15 MP: 5/8
   609 | D:1      | Reached skill level 5 in Conjurations
   687 | D:2      | Learned a level 2 spell: Searing Ray
   841 | D:2      | Reached XP level 3. HP: 19/19 MP: 2/9
  1801 | D:3      | Reached XP level 4. HP: 24/24 MP: 5/11
  1851 | D:3      | Learned a level 4 spell: Iskenderun's Mystic Blast
  1984 | D:3      | Found Xufrymm's One-of-a-Kind Rings.
  2809 | D:4      | Found an opulent altar of Gozag.
  2849 | D:4      | Reached skill level 4 in Spellcasting
  2947 | D:4      | Found the +18 Lear's hauberk
  2955 | D:4      | Reached XP level 5. HP: 28/28 MP: 9/13
  3052 | D:4      | Found a runed translucent gate.
  3053 | D:4      | Found a runed translucent gate.
  3053 | D:4      | Found a runed translucent gate.
  3054 | D:4      | Noticed xian's ghost (amateur DjAE)
  3054 | D:4      | Noticed nshep25's ghost (amateur TeHu)
  3140 | D:4      | Learned a level 4 spell: Fulminant Prism
  3185 | D:4      | Reached skill level 1 in Evocations
  3216 | D:4      | Found a snail-covered altar of Cheibriados.
  3237 | D:4      | Reached XP level 6. HP: 32/32 MP: 9/14
  3476 | D:4      | Reached skill level 5 in Spellcasting
  3489 | D:4      | Noticed Grinder
  3502 | D:4      | Killed Grinder
  3503 | D:4      | Reached XP level 7. HP: 36/36 MP: 8/17
  3600 | D:4      | Reached skill level 6 in Spellcasting
  4106 | D:4      | Learned a level 4 spell: Sticky Flame
  4122 | D:4      | Killed nshep25's ghost
  4124 | D:4      | Killed xian's ghost
  4278 | D:5      | Entered Level 5 of the Dungeon
  4320 | D:5      | Found a staircase to the Ecumenical Temple.
  4329 | Temple   | Entered the Ecumenical Temple
  4421 | Temple   | Became a worshipper of Ashenzari the Shackled
  4491 | D:5      | Reached skill level 7 in Spellcasting
  4615 | D:5      | Found Suekin's Antique Weapon Shop.
  5097 | D:5      | Reached XP level 8. HP: 32/41 MP: 15/21
  5397 | D:5      | Learned a level 2 spell: Poisonous Vapours
  5401 | D:5      | Learned a level 3 spell: Ignite Poison
  5435 | D:6      | Reached skill level 8 in Spellcasting
  5435 | D:6      | Reached skill level 1 in Fire Magic
  6039 | D:6      | Noticed Eustachio
  6044 | D:6      | Killed Eustachio
  6045 | D:6      | Reached skill level 9 in Spellcasting
  6045 | D:6      | Reached skill level 1 in Poison Magic
  6539 | D:6      | Reached skill level 1 in Air Magic
  6539 | D:6      | Reached XP level 9. HP: 45/45 MP: 18/24
  6603 | D:6      | Found a runed translucent door.
  6604 | D:6      | Noticed Crazy Yiuf
  6610 | D:6      | Killed Crazy Yiuf
  6611 | D:6      | Reached skill level 10 in Spellcasting
  7119 | D:7      | Reached * piety under Ashenzari
  7120 | D:7      | Reached skill level 11 in Spellcasting
  7120 | D:7      | Reached skill level 5 in Fire Magic
  7120 | D:7      | Reached XP level 10. HP: 54/54 MP: 26/28
  7174 | D:7      | Found a radiant altar of Vehumet.
  7180 | D:7      | Found an ancient bone altar of Kikubaaqudgha.
  7209 | D:7      | Found a white marble altar of Elyvilon.
  7210 | D:7      | Found an iron altar of Okawaru.
  7216 | D:7      | Found a blossoming altar of Fedhas.
  7385 | D:7      | Reached skill level 12 in Spellcasting
  7955 | D:8      | Found Zoracs's Distillery.
  8250 | D:8      | Noticed 0gre's ghost (novice DsBe)
  8404 | D:8      | Found a runed translucent door.
  8419 | D:8      | Reached ** piety under Ashenzari
  8764 | D:9      | Noticed Psyche
  8766 | D:9      | Killed Psyche
  8767 | D:9      | Reached skill level 5 in Poison Magic
  8939 | D:9      | Noticed a two-headed ogre
  8943 | D:9      | Killed a two-headed ogre
  9165 | D:9      | Reached skill level 13 in Spellcasting
  9165 | D:9      | Reached XP level 11. HP: 59/59 MP: 25/30
  9857 | D:9      | Noticed a two-headed ogre
  9860 | D:9      | Killed a two-headed ogre
  9993 | D:10     | Entered Level 10 of the Dungeon
 10144 | D:10     | Reached skill level 1 in Hexes
 10196 | D:10     | Learned a level 4 spell: Olgreb's Toxic Radiance
 10305 | D:10     | Learned a level 4 spell: Corpse Rot
 10464 | D:10     | Noticed a two-headed ogre
 10468 | D:10     | Killed a two-headed ogre
 10504 | D:10     | Noticed a six-headed hydra
 10658 | D:10     | Killed a six-headed hydra
 10659 | D:10     | Reached skill level 14 in Spellcasting
 10817 | D:10     | Noticed an orb spider
 10833 | D:10     | an orb spider changed into a swamp worm
 10940 | D:10     | Noticed a deep elf pyromancer
 10942 | D:10     | Killed a deep elf pyromancer
 10943 | D:10     | Reached skill level 5 in Stealth
 11150 | D:10     | Noticed a deep elf pyromancer
 11302 | D:10     | Found Veoloo's Weapon Shoppe.
 11357 | D:10     | Noticed a brown ugly thing
 11364 | D:10     | Killed a brown ugly thing
 11641 | D:10     | Killed a deep elf pyromancer
 11676 | D:10     | Found a staircase to the Lair.
 11679 | D:10     | Reached skill level 5 in Dodging
 11679 | D:10     | Reached skill level 10 in Conjurations
 11723 | D:10     | Identified the +5 falchion of the Forsaken Youths {speed,
                  | rF+ rCorr Int-5}
 12114 | D:10     | Noticed a centaur warrior
 12118 | D:10     | Killed a centaur warrior
 12216 | D:10     | Hit by a large rock thrown by a cyclops

Illustrated notes

Levels and vault maps discovered:
D:1:      psy_arrival_fountain, layout_basic,
          ebering_ecumenical_altar_sacrificial
D:2:      layout_basic, serial_park_tiny_pond, wad_orctagon
D:3:      layout_loops_ring, grunt_ministairs_7, kennysheep_cross_room,
          nicolae_shop_unique_rings, st_stairs_7, minmay_misc_feat_room,
          hangedman_decor_points, minmay_misc_feat_pillars
D:4:      layout_loops_ring, mainiacjoe_overflow_cross_hatched,
          nicolae_gozag_seed_capital, gammafunk_ghost_cemetery, uniq_grinder
D:5:      layout_gridville, minmay_temple_entry_junction, serial_shops,
          nicolae_stop_n_shop_2
D:6:      layout_gridville, minmay_diced_spiral, uniq_eustachio,
          uniq_crazy_yiuf_cottage
D:7:      layout_rooms, nicolae_overflow_hallway_of_the_gods
D:8:      layout_rooms, serial_shops, nicolae_shop_behind_doors,
          hellmonk_ghost_happy_afterlife
D:9:      layout_stronghold, uniq_psyche, uniq_erica
D:10:     minmay_the_grid_plus_closed [minmay_the_grid_tiny_cups,
          minmay_the_grid_large_cup, minmay_the_grid_doors,
          minmay_the_grid_empty, minmay_the_grid_prize_shrinking_boxes],
          layout_irregular_city, lair_entry_dummy, serial_shops, shop
Temple:   regret_index_temple_waves

Skill      XL: |  1  2  3  4  5  6  7  8  9 10 11 |
---------------+----------------------------------+-----
Conjurations   | 5 6 7 8 9 10 | 10.0
Spellcasting   | 4 5 7 9 11 13 14 | 14.7
Evocations     | 1 2 3 6 7 |  7.9
Stealth        | 3 4 5 |  5.0
Fire Magic     | 2 5 6 |  6.6
Poison Magic   | 2 4 5 6 |  6.0
Air Magic      | 1 2 3 |  3.4
Fighting       | 2 |  2.0
Staves         | 2 3 4 |  4.1
Dodging        | 4 5 |  5.0
Translocations | 2 3 |  3.1
Transmutations | 3 |  3.7
Hexes          | 2 |  2.1
Armour         | |  0.1

Action                   |  1- 3 |  4- 6 |  7- 9 | 10-12 || total
-------------------------+-------+-------+-------+-------++-------
Melee: Staff             |       |     2 |    10 |     2 ||    14
       Punch             |       |       |     1 |       ||     1
 Cast: Magic Dart        |    75 |    70 |    68 |    31 ||   244
       Searing Ray       |     1 |     4 |    13 |     7 ||    25
       Fulminant Prism   |       |     1 |     4 |    23 ||    28
       Iskenderun's Myst |       |       |     4 |    27 ||    31
       Poisonous Vapours |       |       |    23 |    55 ||    78
       Ignite Poison     |       |       |    13 |    38 ||    51
       Sticky Flame      |       |       |     1 |     8 ||     9
       Olgreb's Toxic Ra |       |       |       |     3 ||     3
       Corpse Rot        |       |       |       |     1 ||     1
Invok: Curse Item        |       |       |     2 |     1 ||     3
       Shatter the Chain |       |       |       |     1 ||     1
  Use: Potion            |       |       |     1 |     2 ||     3
       Scroll            |       |       |       |     4 ||     4
Armor: Robe              |     2 |     3 |     3 |    10 ||    18
Dodge: Dodged            |     5 |     6 |    18 |    39 ||    68
